 Dungeon Crawl Stone Soup version 0.32-a0-17-gb74e046682 (webtiles) character file.

Game seed: 6253383038777381963

233 Xavori the Trooper (level 6, -4/47 HPs)
             Began as a Djinni Chaos Knight on Jan 16, 2024.
             Was a Plaything of Xom.
             Slain by a gnoll
             ... wielding a +0 halberd
              (9 damage)
             ... on level 3 of the Dungeon.
             The game lasted 00:02:31 (5847 turns).

Xavori the Trooper (Djinni Chaos Knight)            Turns: 5847, Time: 00:02:32

Health: -4/47      AC:  5    Str: 10      XL:     6   Next: 26%
Gold:   133        EV: 12    Int: 17 (18) God:    Xom [*.....] SH:  0 Dex: 13

rFire   + + .        a - +0 falchion (chaos)
rCold   x . .        (no shield)
rNeg    . . .        b - +2 leather armour
rPois   ∞            (helmet restricted)
rElec   .            (no cloak)
rCorr   .            (no gloves)
SInv    .            (boots unavailable)
Will    .....        (no amulet)
Stlth   +            (no ring)
HPRegen 0.27/turn    (no ring)
MPRegen 0.00/turn

%: infuse magic (-5 HP)
@: confused, flying
A: sickness immunity, fire resistance 2, cold vulnerability 1, float, innate
caster, HP casting, extra vitality 1, horns 1, clever 1, deterioration 1, wild
magic 1
a: Renounce Religion


You were on level 3 of the Dungeon.
You worshipped Xom.
You were a special plaything of Xom.
You visited 1 branch of the dungeon, and saw 3 of its levels.

You collected 133 gold pieces.

Inventory:

Hand Weapons
 a - a +0 falchion of chaos (weapon)
Missiles
 h - a throwing net (quivered)
Armour
 b - a +2 leather armour (worn)
Scrolls
 c - a scroll of butterflies
 f - 2 scrolls of identify {unknown}
 g - a scroll of teleportation {unknown}
 j - a scroll of fear {unknown}
 l - a scroll of fog {unknown}
 m - a scroll of blinking {unknown}
Potions
 d - a potion of degeneration {unknown}
 e - 2 potions of might
 i - a potion of attraction {unknown}
 k - a potion of enlightenment {unknown}


   Skills:
 + Level 3.7 Fighting
 + Level 3.3 Long Blades
 + Level 2.3 Armour
 + Level 3.2 Dodging
 * Level 2.3 Spellcasting
 * Level 2.3 Conjurations
 * Level 2.3 Hexes
   Level 0.0 Charms
 * Level 2.3 Summonings
 * Level 2.3 Necromancy
 * Level 2.3 Translocations
   Level 0.0 Transmutations
 * Level 2.3 Fire Magic
 * Level 2.3 Ice Magic
 * Level 2.3 Air Magic
 * Level 2.3 Earth Magic
 * Level 2.3 Alchemy


You knew the following spells:

 Your Spells              Type           Power      Damage    Failure   Level
a - Shock                 Conj/Air       52%        1d6       14%         1
b - Lesser Beckoning      Tloc           26%        N/A       21%         2
Your spell library was empty.

Dungeon Overview and Level Annotations

Branches:
Dungeon (3/15)

Altars:
Fedhas

Shops:
D:2 *

Annotations:
D:3 3 runed translucent doors, gebbletook2's ghost, amateur OpSh


Innate Abilities, Weirdness & Mutations

You are immune to sickness and miasma.
You are immune to poison.
Your flesh is very heat resistant. (rF++)
You are vulnerable to cold. (rC-)
You float through the air rather than walking.
You learn spells naturally, not from books.
Your magical power is your life essence.
You have superior vitality. (+4 MHP)
You have a pair of small horns on your head.
Your mind is acute. (Int +4, Str/Dex -1)
Your body sometimes deteriorates upon taking damage.
Your spells are a little harder to cast, but a little more powerful.


Message History

You feel dopey.
An orc comes into view. It is wielding a +0 short sword.
Found a club.
A kobold and a bat come into view.
There are monsters nearby! 2 gnolls come into view.
Found a scroll labelled FETAIGH SUEBB.
The kobold shouts!
The gnoll shouts!
The orc shouts!
A gnoll comes into view. It is wielding a +0 halberd.
The bat hits you but does no damage.
The gnoll shouts!
You slash the bat! You freeze the bat.
You kill the bat!
You closely miss the orc. Your headbutt misses the orc.
Xom's power touches on your mind for a moment.
You are confused.
You are now a special plaything of Xom.
The orc closely misses you.
The kobold throws a stone.
The stone barely misses you.
You are too confused!
You are too confused!
Unknown command.
The orc hits you but does no damage. The gnoll misses you.
You see here a bat corpse.
The orc hits you with a +0 short sword. The gnoll attacks as it pursues you!
The gnoll hits you from afar with a +0 halberd.
The kobold attacks as it pursues you! The kobold hits you with a +0 club.
You closely miss the gnoll. The orc barely misses you.
The gnoll hits you from afar with a +0 halberd!
The kobold misses you. The gnoll barely misses you.
You bump into the rock wall.
The gnoll barely misses you.
The gnoll hits you from afar with a +0 halberd.
The kobold hits you but does no damage. The orc hits you with a +0 short sword.
The gnoll hits you with a +0 flail.
You bump into the rock wall.
The gnoll hits you from afar with a +0 halberd!
* * * LOW HITPOINT WARNING * * *
The gnoll hits you from afar with a +0 halberd!
You die...
Xom roars with laughter!

.. * ,,,, ,#.....#
* *** *#..?..# *,*
#.....# ##* ,**
###.....#
...,,,,,,,........#
###* , * *###.)...#
*, #....gg.## *,
,#..goK.# *,,,,**
*>,#...@..# , **
**** *######.# , **
,,,* #.# .,,, , **
#.# # ** * #.# #
#.# * #.# #.# #.#


You could see 3 gnolls, an orc and a kobold.

Vanquished Creatures
  Jessica (D:3)
  2 orc wizards (D:3)
  Robin (D:3)
  3 gnolls (D:2)
  3 adders (D:3)
  2 ribbon worms (D:2)
  6 orcs (D:3)
  8 bats
  5 endoplasms
  3 giant cockroaches (D:1)
  13 goblins
  5 hobgoblins
  7 jackals
  3 quokkas
  4 ball pythons
  3 kobolds
  3 rats
72 creatures vanquished.

Notes
Turn   | Place    | Note
-------+----------+-------------------------------------------
     0 | D:1      | Xavori the Djinni Chaos Knight began the quest for the Orb.
     0 | D:1      | Reached XP level 1. HP: 20/20 MP: 0/0
    75 | D:1      | XOM: potion effect (berserk rage)
   110 | D:1      | Found a faded altar of an unknown god.
   142 | D:1      | Reached XP level 2. HP: 13/25 MP: 0/0
   226 | D:1      | XOM: god gift: short sword {god gift}
   233 | D:1      | XOM: cloud trail
   295 | D:1      | XOM: 8-stop teleportation journey
   309 | D:1      | XOM: give mutations
   309 | D:1      | Gained mutation: You expend health (3 HP) to strengthen
                  | your wands. [Xom's mischief]
   309 | D:1      | Lost mutation: You expend health (3 HP) to strengthen your
                  | wands. [Xom's mischief]
   547 | D:1      | Reached XP level 3. HP: 28/30 MP: 0/0
   547 | D:1      | Learned a level 1 spell: Shock
   739 | D:1      | Reached skill level 1 in Spellcasting
   739 | D:1      | Reached skill level 1 in Conjurations
   739 | D:1      | Reached skill level 1 in Hexes
   739 | D:1      | Reached skill level 1 in Summonings
   739 | D:1      | Reached skill level 1 in Necromancy
   739 | D:1      | Reached skill level 1 in Translocations
   739 | D:1      | Reached skill level 1 in Fire Magic
   739 | D:1      | Reached skill level 1 in Ice Magic
   739 | D:1      | Reached skill level 1 in Air Magic
   739 | D:1      | Reached skill level 1 in Earth Magic
   739 | D:1      | Reached skill level 1 in Alchemy
  1583 | D:1      | XOM: give mutations
  1583 | D:1      | Gained mutation: You do not regenerate when monsters are
                  | visible. [Xom's mischief]
  1583 | D:1      | Lost mutation: You do not regenerate when monsters are
                  | visible. [Xom's mischief]
  1583 | D:1      | Gained mutation: Your mind is acute. (Int +4, Str/Dex -1)
                  | [Xom's mischief]
  1583 | D:1      | Lost mutation: Your mind is acute. (Int +4, Str/Dex -1)
                  | [Xom's mischief]
  2037 | D:1      | XOM: give mutation
  2037 | D:1      | Gained mutation: Your spells are a little harder to cast,
                  | but a little more powerful. [Xom's grace]
  2241 | D:1      | XOM: scenery: 1 doors open
  2250 | D:1      | XOM: cloud trail
  2380 | D:1      | XOM: cloud trail
  2562 | D:1      | XOM: god gift: 24 gold pieces
  2736 | D:1      | XOM: scenery: 1 doors close
  3668 | D:1      | XOM: scenery: 1 doors open
  3949 | D:1      | XOM: scenery: 1 doors close
  4054 | D:1      | XOM: cloud trail
  4075 | D:1      | XOM: give mutations
  4075 | D:1      | Gained mutation: You have a pair of small horns on your
                  | head. [Xom's grace]
  4075 | D:1      | Gained mutation: Your mind is acute. (Int +4, Str/Dex -1)
                  | [Xom's grace]
  4075 | D:1      | Gained mutation: Your mind is very acute. (Int +8, Str/Dex
                  | -2) [Xom's grace]
  4404 | D:1      | XOM: scenery: 1 doors open
  4457 | D:2      | Reached XP level 4. HP: 4/35 MP: 0/0
  4982 | D:2      | XOM: silly message
  5115 | D:2      | Found Zikof's General Store.
  5322 | D:3      | Found a blossoming altar of Fedhas.
  5407 | D:3      | Reached XP level 5. HP: 38/40 MP: 0/0
  5407 | D:3      | Learned a level 2 spell: Lesser Beckoning
  5472 | D:3      | Noticed Jessica
  5483 | D:3      | Killed Jessica
  5530 | D:3      | Found a runed translucent gate.
  5530 | D:3      | Found a runed translucent gate.
  5531 | D:3      | Found a runed translucent gate.
  5533 | D:3      | Noticed Robin
  5534 | D:3      | Noticed gebbletook2's ghost (amateur OpSh)
  5538 | D:3      | XOM: divination: magic mapping
  5550 | D:3      | Killed Robin
  5641 | D:3      | Reached XP level 6. HP: 36/47 MP: 0/0
  5668 | D:3      | XOM: potion effect (haste)
  5671 | D:3      | XOM: potion effect (heal wounds)
  5706 | D:3      | XOM: silly message
  5801 | D:3      | XOM: give mutations
  5801 | D:3      | Lost mutation: Your mind is very acute. (Int +8, Str/Dex
                  | -2) [Xom's mischief]
  5801 | D:3      | Gained mutation: You are partially covered in iridescent
                  | scales. (AC +2) [Xom's mischief]
  5801 | D:3      | Gained mutation: Your body sometimes deteriorates upon
                  | taking damage. [Xom's mischief]
  5801 | D:3      | Lost mutation: You are partially covered in iridescent
                  | scales. (AC +2) [Xom's mischief]
  5834 | D:3      | XOM: stat loss: -1 Int (17/18)
  5842 | D:3      | XOM: confusion
  5847 | D:3      | Slain by a gnoll

Illustrated notes

Levels and vault maps discovered:
D:1:      lightli_molten_gateway, layout_basic,
          hellmonk_ecumenical_altar_lost_god
D:2:      layout_basic, serial_shops, shop, grunt_ministairs_8, st_stairs_13
D:3:      layout_rooms, mainiacjoe_overflow_six_doors_small,
          biasface_ghost_orc_armoury, uniq_robin, uniq_jessica

Skill      XL: |  1  2  3  4  5 |
---------------+----------------+-----
Spellcasting   | 1 2 |  2.3
Conjurations   | 1 2 |  2.3
Hexes          | 1 2 |  2.3
Summonings     | 1 2 |  2.3
Necromancy     | 1 2 |  2.3
Translocations | 1 2 |  2.3
Fire Magic     | 1 2 |  2.3
Ice Magic      | 1 2 |  2.3
Air Magic      | 1 2 |  2.3
Earth Magic    | 1 2 |  2.3
Alchemy        | 1 2 |  2.3
Long Blades    | 3 |  3.3
Armour         | 2 |  2.3
Dodging        | 3 |  3.2
Fighting       | |  3.7

Action                     |  1- 3 |  4- 6 || total
---------------------------+-------+-------++-------
  Melee: Falchion          |    69 |   167 ||   236
         Punch             |     1 |       ||     1
         Headbutt          |     5 |    29 ||    34
    Use: Potion            |     1 |       ||     1
 Armour: Leather armour    |    44 |   150 ||   194
  Dodge: Dodged            |    59 |   141 ||   200

Table legend: (Time is in decaauts)
 A = Elapsed time spent in this place.
 B = Non-inter-level travel time spent in this place.
 C = Inter-level travel time spent in this place.
 D = Time resting spent in this place.
 E = Time spent auto-exploring this place.
 F = Levels seen in this place.
 G = Mean time per level.
                   A        B        C        D        E       F      G
               +--------+--------+--------+--------+--------+-----+--------+
         Total |   5874 |   5852 |     22 |   3943 |   1420 |   3 | 1958.0 |
       Dungeon |   5874 |   5852 |     22 |   3943 |   1420 |   3 | 1958.0 |
               +--------+--------+--------+--------+--------+-----+--------+

Top non-repeatable levels by time:
     D:1: 4528 daAuts
     D:2: 840 daAuts
     D:3: 506 daAuts
